TOP OF THE 1ST |
Texarkana Bears batting - Pitching for Gresham Gold Souls : RHP Jesús Gonzáles
|
Pitching: RHP Jesús Gonzáles
|
|
Batting: LHB Sam Barnes
|
0-0: Called Strike 0-1: Foul Ball, location: 2F 0-2: Ball 1-2: Ball 2-2: Ball 3-2: Foul Ball, location: 2F 3-2: Ground out 4-3 (Groundball, 4)
|
Batting: RHB Roger Rush
|
0-0: Ball 1-0: Called Strike 1-1: Ball 2-1: Foul Ball, location: 2F 2-2: Ball 3-2: Ground out 4-3 (Groundball, 4)
|
Batting: RHB Marvin Johnson
|
0-0: Ground out 6-3 (Groundball, 6)
|
Top of the 1st over - 0 runs, 0 hits, 0 errors, 0 left on base; Texarkana 0 - Gresham 0 |
BOTTOM OF THE 1ST |
Gresham Gold Souls batting - Pitching for Texarkana Bears : LHP Pierre Dumont
|
Pitching: LHP Pierre Dumont
|
|
Batting: RHB Norm Francis
|
0-0: Fly out, F9 (Flyball, 89S)
|
Batting: RHB Mario Méndez
|
0-0: Ball 1-0: Ball 2-0: Foul Ball, location: 2F 2-1: Ball 3-1: Called Strike 3-2: Foul Ball, location: 2F 3-2: Ground out 5-3 (Groundball, 56)
|
Batting: RHB Jared Thompson
|
0-0: Swinging Strike 0-1: Ball 1-1: Swinging Strike 1-2: Foul Ball, location: 2F 1-2: Foul Ball, location: 2F 1-2: Ball 2-2: Strikes out swinging
|
Bottom of the 1st over - 0 runs, 0 hits, 0 errors, 0 left on base; Texarkana 0 - Gresham 0 |
TOP OF THE 2ND |
Texarkana Bears batting - Pitching for Gresham Gold Souls : RHP Jesús Gonzáles
|
Batting: RHB Eric Green
|
0-0: SINGLE (Groundball, 56D)
|
Batting: LHB Tom Mullins
|
0-0: Ball 1-0: Ball 2-0: Fielders Choice at 2nd, 5-4 (Groundball, 56)
|
Batting: RHB Gilberto López
|
0-0: Swinging Strike 0-1: DOUBLE (Line Drive, 9D) Tom Mullins to third
|
Batting: RHB Steve Garneys
|
0-0: Fly out, F9 (Flyball, 9S)
|
Batting: RHB Michael Thomas
|
0-0: Ball 1-0: Called Strike 1-1: Ball 2-1: Swinging Strike 2-2: DOUBLE (Flyball, 89XD) Tom Mullins scores Gilberto López scores
|
Batting: RHB Jaime Delgado
|
0-0: Foul Ball, location: 2F 0-1: Swinging Strike 0-2: Ground out 4-3 (Groundball, 4M)
|
Top of the 2nd over - 2 runs, 3 hits, 0 errors, 1 left on base; Texarkana 2 - Gresham 0 |
BOTTOM OF THE 2ND |
Gresham Gold Souls batting - Pitching for Texarkana Bears : LHP Pierre Dumont
|
Batting: RHB Alberto Chávez
|
0-0: Called Strike 0-1: Ball 1-1: Ground out 6-3 (Groundball, 6)
|
Batting: RHB Willie Houk
|
0-0: Called Strike 0-1: Ball 1-1: Ball 2-1: Foul Ball, location: 2F 2-2: Ball 3-2: Base on Balls
|
Batting: RHB Jesús Gutiérrez
|
0-0: Foul Ball, location: 2F 0-1: Called Strike 0-2: Ball 1-2: Ball 2-2: Foul Ball, location: 2F 2-2: Fly out, F3 (Popup, 23)
|
Batting: RHB Gustavo Pagán
|
0-0: Ground out 6-3 (Groundball, 6M)
|
Bottom of the 2nd over - 0 runs, 0 hits, 0 errors, 1 left on base; Texarkana 2 - Gresham 0 |
TOP OF THE 3RD |
Texarkana Bears batting - Pitching for Gresham Gold Souls : RHP Jesús Gonzáles
|
Batting: LHB Sam Barnes
|
0-0: Ground out U3 (Groundball, 3)
|
Batting: RHB Roger Rush
|
0-0: Swinging Strike 0-1: Foul Ball, location: 2F 0-2: Strikes out looking
|
Batting: RHB Marvin Johnson
|
0-0: Called Strike 0-1: Swinging Strike 0-2: Ball 1-2: Foul Ball, location: 2F 1-2: Ball 2-2: Ball 3-2: SINGLE (Line Drive, 4M)
|
Batting: RHB Eric Green
|
0-0: Foul Ball, location: 2F 0-1: Called Strike 0-2: Ball Wild Pitch! Marvin Johnson to second 1-2: Strikes out looking
|
Top of the 3rd over - 0 runs, 1 hit, 0 errors, 1 left on base; Texarkana 2 - Gresham 0 |
BOTTOM OF THE 3RD |
Gresham Gold Souls batting - Pitching for Texarkana Bears : LHP Pierre Dumont
|
Batting: LHB Joel Nelson
|
0-0: Ball 1-0: Ground out 5-3 (Groundball, 5)
|
Batting: RHB Nathan Smith
|
0-0: Ball 1-0: Ball 2-0: Foul Ball, location: 2F 2-1: Called Strike 2-2: Fly out, F8 (Flyball, 8RD)
|
Batting: RHB Norm Francis
|
0-0: Called Strike 0-1: SINGLE (Line Drive, 78M)
|
Batting: RHB Mario Méndez
|
0-0: Called Strike 0-1: Ball 1-1: Ball Wild Pitch! Norm Francis to second 2-1: Fly out, F8 (Line Drive, 78D)
|
Bottom of the 3rd over - 0 runs, 1 hit, 0 errors, 1 left on base; Texarkana 2 - Gresham 0 |
TOP OF THE 4TH |
Texarkana Bears batting - Pitching for Gresham Gold Souls : RHP Jesús Gonzáles
|
Batting: LHB Tom Mullins
|
0-0: Called Strike 0-1: Ball 1-1: Ball 2-1: Ball 3-1: SINGLE (Line Drive, 56D)
|
Batting: RHB Gilberto López
|
0-0: Ball 1-0: Fly out, F7 (Flyball, 78D)
|
Batting: RHB Steve Garneys
|
0-0: DOUBLE (Line Drive, 9LM) Tom Mullins to third
|
Batting: RHB Michael Thomas
|
0-0: Ball 1-0: Ground out 6-3 (Groundball, 6)
|
Batting: RHB Jaime Delgado
|
0-0: Ball 1-0: Ball 2-0: Foul Ball, location: 2F 2-1: Ball 3-1: Called Strike 3-2: Ground out 5-3 (Groundball, 5)
|
Top of the 4th over - 0 runs, 2 hits, 0 errors, 2 left on base; Texarkana 2 - Gresham 0 |
BOTTOM OF THE 4TH |
Gresham Gold Souls batting - Pitching for Texarkana Bears : LHP Pierre Dumont
|
Batting: RHB Jared Thompson
|
0-0: Ball 1-0: DOUBLE (Groundball, 5L)
|
Batting: RHB Alberto Chávez
|
0-0: Fly out, F9 (Flyball, 9LS)
|
Batting: RHB Willie Houk
|
0-0: Called Strike 0-1: Fly out, F7 (Flyball, 78S)
|
Batting: RHB Jesús Gutiérrez
|
0-0: Ball 1-0: Called Strike 1-1: Ball 2-1: Fly out, F8 (Flyball, 78D)
|
Bottom of the 4th over - 0 runs, 1 hit, 0 errors, 1 left on base; Texarkana 2 - Gresham 0 |
TOP OF THE 5TH |
Texarkana Bears batting - Pitching for Gresham Gold Souls : RHP Jesús Gonzáles
|
Batting: LHB Sam Barnes
|
0-0: Called Strike 0-1: Ball 1-1: Foul Ball, location: 2F 1-2: Foul Ball, location: 2F 1-2: Strikes out swinging
|
Batting: RHB Roger Rush
|
0-0: Ball 1-0: Swinging Strike 1-1: Swinging Strike 1-2: Ball 2-2: Strikes out swinging, 2-3 out at first.
|
Batting: RHB Marvin Johnson
|
0-0: Ball 1-0: Ball 2-0: Swinging Strike 2-1: Ball 3-1: Fly out, F9 (Flyball, 9)
|
Top of the 5th over - 0 runs, 0 hits, 0 errors, 0 left on base; Texarkana 2 - Gresham 0 |
BOTTOM OF THE 5TH |
Gresham Gold Souls batting - Pitching for Texarkana Bears : LHP Pierre Dumont
|
Batting: RHB Gustavo Pagán
|
0-0: Ground out 6-3 (Groundball, 6)
|
Batting: LHB Joel Nelson
|
0-0: Ball 1-0: Ball 2-0: Ball 3-0: Called Strike 3-1: Fly out, F9 (Flyball, 89M)
|
Batting: RHB Nathan Smith
|
0-0: Ground out 6-3 (Groundball, 6)
|
Bottom of the 5th over - 0 runs, 0 hits, 0 errors, 0 left on base; Texarkana 2 - Gresham 0 |
TOP OF THE 6TH |
Texarkana Bears batting - Pitching for Gresham Gold Souls : RHP Jesús Gonzáles
|
Batting: RHB Eric Green
|
0-0: Ball 1-0: Swinging Strike 1-1: Called Strike 1-2: Ball 2-2: Strikes out swinging
|
Batting: LHB Tom Mullins
|
0-0: SINGLE (Groundball, 6MD)
|
Batting: RHB Gilberto López
|
0-0: Called Strike 0-1: Called Strike 0-2: Foul Ball, location: 2F 0-2: Ball 1-2: Ball 2-2: Ball 3-2: Strikes out swinging
|
Batting: RHB Steve Garneys
|
0-0: Foul Ball, location: 2F 0-1: Foul Ball, location: 2F 0-2: Ball 1-2: Fielders Choice at 2nd, 6-4 (Groundball, 6D)
|
Top of the 6th over - 0 runs, 1 hit, 0 errors, 1 left on base; Texarkana 2 - Gresham 0 |
BOTTOM OF THE 6TH |
Gresham Gold Souls batting - Pitching for Texarkana Bears : LHP Pierre Dumont
|
Batting: RHB Norm Francis
|
0-0: Ball 1-0: Ground out 6-3 (Groundball, 6D)
|
Batting: RHB Mario Méndez
|
0-0: Fly out, F8 (Flyball, 8LS)
|
Batting: RHB Jared Thompson
|
0-0: Ball 1-0: Foul Ball, location: 2F 1-1: Foul Ball, location: 2F 1-2: Foul Ball, location: 2F 1-2: Ball 2-2: Ball 3-2: DOUBLE (Groundball, 5L)
|
Batting: RHB Alberto Chávez
|
0-0: Called Strike 0-1: Ball 1-1: Called Strike 1-2: Strikes out swinging
|
Bottom of the 6th over - 0 runs, 1 hit, 0 errors, 1 left on base; Texarkana 2 - Gresham 0 |
TOP OF THE 7TH |
Texarkana Bears batting - Pitching for Gresham Gold Souls : RHP Jesús Gonzáles
|
Pitching: RHP Mike Moyer
|
|
Batting: RHB Michael Thomas
|
0-0: Ball 1-0: Ball 2-0: Called Strike 2-1: Ball 3-1: Fly out, F9 (Line Drive, 89S)
|
Batting: RHB Jaime Delgado
|
0-0: Called Strike 0-1: Ball 1-1: Foul Ball, location: 2F 1-2: Ball 2-2: Ball 3-2: Ground out 1-3 (Groundball, P)
|
Batting: LHB Sam Barnes
|
0-0: Foul Ball, location: 2F 0-1: Ball 1-1: Called Strike 1-2: Ball 2-2: Fly out, F9 (Flyball, 9LS)
|
Top of the 7th over - 0 runs, 0 hits, 0 errors, 0 left on base; Texarkana 2 - Gresham 0 |
BOTTOM OF THE 7TH |
Gresham Gold Souls batting - Pitching for Texarkana Bears : LHP Pierre Dumont
|
Batting: RHB Willie Houk
|
0-0: Ball 1-0: Ground out 6-3 (Groundball, 6)
|
Batting: RHB Jesús Gutiérrez
|
0-0: Called Strike 0-1: Ball 1-1: Foul Ball, location: 2F 1-2: Foul Ball, location: 2F 1-2: Ball 2-2: Ground out 5-3 (Groundball, 56S)
|
Batting: RHB Gustavo Pagán
|
0-0: Foul Ball, location: 2F 0-1: Ball 1-1: Swinging Strike 1-2: Foul Ball, location: 2F 1-2: Ball 2-2: Ground out 6-3 (Groundball, 6)
|
Bottom of the 7th over - 0 runs, 0 hits, 0 errors, 0 left on base; Texarkana 2 - Gresham 0 |
TOP OF THE 8TH |
Texarkana Bears batting - Pitching for Gresham Gold Souls : RHP Mike Moyer
|
Batting: RHB Roger Rush
|
0-0: Foul Ball, location: 2F 0-1: Ball 1-1: Ball 2-1: Foul Ball, location: 2F 2-2: Ball 3-2: Base on Balls
|
Batting: RHB Marvin Johnson
|
0-0: SINGLE (Groundball, 6MD) Roger Rush to second Runner from 2nd tries for 3rd, SAFE, throw made to third
|
Pinch Hitting: RHB Billy Campbell
|
0-0: Ball 1-0: Ball 2-0: Called Strike 2-1: Ball 3-1: Foul Ball, location: 2F 3-2: Strikes out looking
|
Batting: LHB Tom Mullins
|
0-0: Called Strike 0-1: Fly out, F3 (Popup, 34S)
|
Batting: RHB Gilberto López
|
0-0: Ball 1-0: Foul Ball, location: 2F 1-1: Fly out, F9 (Flyball, 9D)
|
Top of the 8th over - 0 runs, 1 hit, 0 errors, 2 left on base; Texarkana 2 - Gresham 0 |
BOTTOM OF THE 8TH |
Gresham Gold Souls batting - Pitching for Texarkana Bears : LHP Pierre Dumont
|
Now at 1B: Billy Campbell
|
|
Batting: LHB Joel Nelson
|
0-0: Foul Ball, location: 2F 0-1: SINGLE (Line Drive, 34)
|
Batting: RHB Nathan Smith
|
0-0: Ball 1-0: Grounds into double play, 6-4-3 (Groundball, 6)
|
Batting: RHB Norm Francis
|
0-0: Ball 1-0: SOLO HOME RUN (Flyball, 7D), Distance : 381 ft
|
Pitching: RHP Cliff Wolfe
|
|
Batting: RHB Mario Méndez
|
0-0: Foul Ball, location: 2F 0-1: Ground out 6-3 (Groundball, 6M)
|
Bottom of the 8th over - 1 run, 2 hits, 0 errors, 0 left on base; Texarkana 2 - Gresham 1 |
TOP OF THE 9TH |
Texarkana Bears batting - Pitching for Gresham Gold Souls : RHP Mike Moyer
|
Batting: RHB Steve Garneys
|
0-0: Ball 1-0: Called Strike 1-1: Fly out, F9 (Flyball, 9D)
|
Batting: RHB Michael Thomas
|
0-0: Ball 1-0: Foul Ball, location: 2F 1-1: DOUBLE (Line Drive, 78XD)
|
Batting: RHB Jaime Delgado
|
0-0: Called Strike 0-1: Called Strike Michael Thomas steals 3rd base 0-2: Foul Ball, location: 2F 0-2: Ball 1-2: Foul Ball, location: 2F 1-2: Strikes out looking
|
Batting: LHB Sam Barnes
|
0-0: Fly out, F5 (Popup, 56S)
|
Top of the 9th over - 0 runs, 1 hit, 0 errors, 1 left on base; Texarkana 2 - Gresham 1 |
BOTTOM OF THE 9TH |
Gresham Gold Souls batting - Pitching for Texarkana Bears : RHP Cliff Wolfe
|
Batting: RHB Jared Thompson
|
0-0: Ball 1-0: Foul Ball, location: 2F 1-1: Swinging Strike 1-2: Strikes out swinging
|
Batting: RHB Alberto Chávez
|
0-0: Ball 1-0: Fly out, F7 (Flyball, 7LM)
|
Pinch Hitting: LHB Caleb Hall
|
0-0: Called Strike 0-1: Foul Ball, location: 2F 0-2: Ground out 4-3 (Groundball, 4M)
|
Bottom of the 9th over - 0 runs, 0 hits, 0 errors, 0 left on base; Texarkana 2 - Gresham 1 |
|